 Dungeon Crawl Stone Soup version 0.18.1-47-g9310371 (webtiles) character file.

51 Gargoyl the Skirmisher (level 3, 0/29 HPs)
             Began as a Demonspawn Abyssal Knight on June 23, 2016.
             Was a Follower of Lugonu.
             Slain by a goblin
             ... wielding a +0 dagger
             ... led by Robin
              (1 damage)
             ... on level 2 of the Dungeon.
             The game lasted 00:02:43 (1361 turns).

Gargoyl the Skirmisher (Demonspawn Abyssal Knight)  Turns: 1361, Time: 00:02:43

Health: 0/29       AC:  6    Str: 13    XL:     3   Next: 58%
Magic:  4/4        EV: 14    Int: 13    God:    Lugonu [*.....]
Gold:   111        SH:  4    Dex: 17    Spells: 0 memorised, 2 levels left

rFire  . . .     SeeInvis .     a - +1 hand axe
rCold  + . .     Gourm    .     d - +0 scale mail
rNeg   . . .     Faith    .     h - +0 buckler
rPois  .         Spirit   .     (no helmet)
rElec  .         Dismiss  .     (no cloak)
rCorr  .         Reflect  .     (no gloves)
SustAt .         Harm     .     (no boots)
MR     .....                    (no amulet)
Stlth  ++........               (no ring)
                                e - ring of stealth

@: agile, lethally poisoned (0 -> -4), not resistant to hostile enchantments,
unstealthy
A: cold resistance 1
a: Depart the Abyss, Renounce Religion


You were on level 2 of the Dungeon.
You worshipped Lugonu.
Lugonu was aware of your devotion.
You were not hungry.

You visited 1 branch of the dungeon, and saw 2 of its levels.
You visited the Abyss 1 time.

You collected 111 gold pieces.

Inventory:

Hand Weapons
 a - a +1 hand axe (weapon)
Armour
 d - a +0 scale mail (worn)
 h - a +0 buckler (worn)
Jewellery
 e - a ring of stealth (left hand)
 m - an uncursed ring of fire {unknown}
Scrolls
 b - a scroll of remove curse {unknown}
 g - 3 scrolls of enchant weapon {unknown}
 i - 2 scrolls of identify {unknown}
 k - a scroll of immolation {unknown}
 l - a scroll of noise {unknown}
Potions
 f - a potion of flight {unknown}
 j - a potion of cancellation {unknown}
 n - a potion of might {unknown}
Comestibles
 c - a bread ration
 o - 4 chunks of flesh


   Skills:
 + Level 3.5 Fighting
 + Level 2.0 Axes
 * Level 2.6 Armour
 + Level 1.5 Dodging
 + Level 2.5 Invocations


You had 2 spell levels left.
You didn't know any spells.

Dungeon Overview and Level Annotations

Branches:
Dungeon (2/15)

Altars:

Annotations:
D:2 Robin


Innate Abilities, Weirdness & Mutations

Your flesh is cold resistant.


Message History

The hobgoblin is heavily wounded.
You hit the goblin.
The goblin is heavily wounded.
You hit the hobgoblin but do no damage.
The hobgoblin is severely wounded.
Your scale mail prevents you from hitting the goblin.
You feel sick. The adder bites you but does no damage.
The hobgoblin barely misses you. The hobgoblin closely misses you.
Robin throws the goblin at you! The adder bites you but does no damage.
The goblin hits you with a club!
The goblin hits you with a dagger of distortion.
* * * LOW HITPOINT WARNING * * *
Space bends around you.
* * * LOW HITPOINT WARNING * * *
Drink which item? (? for menu, Esc to quit)
It was a potion of agility.
You feel agile all of a sudden.
* * * LOW HITPOINT WARNING * * *
You feel sick. The goblin hits you with a dagger.
You die...

......#.. .g
.....#.##.#
#.........##
###...........
########.............
##.....#...gg.........
##...........l.........
#...........Sggg......#
#...........g@g........
#...........g.g†#######
#...÷...........#
#..<)...........#
#...............#
##.............##
##.....#.....##
#############


You could see Robin, an adder, 4 hobgoblins, 4 goblins and a giant newt.

Vanquished Creatures
  2 adders
  An ooze (D:2)
  2 dart slugs
  An orc (D:1)
  A giant cockroach (D:1)
  3 goblins
  6 hobgoblins
  A kobold (D:1)
  2 bats (D:1)
  A giant newt (D:2)
  3 rats (D:1)
23 creatures vanquished.

Notes
Turn   | Place    | Note
--------------------------------------------------------------
     0 | Abyss:1  | Gargoyl the Demonspawn Abyssal Knight began the quest for the Orb.
     0 | Abyss:1  | Reached XP level 1. HP: 18/18 MP: 2/2
     1 | Abyss:1  | Found a corrupted altar of Lugonu.
    26 | Abyss:1  | Found a sacrificial altar of Ru.
    64 | Abyss:1  | Noticed a small abomination
   131 | Abyss:3  | Noticed a tentacled starspawn
   148 | Abyss:3  | Noticed a small abomination
   151 | Abyss:3  | Noticed a salamander
   153 | Abyss:3  | Noticed a large abomination
   153 | Abyss:3  | Noticed a salamander
   153 | Abyss:3  | Noticed a salamander
   154 | D:1      | Escaped the Abyss
   425 | D:1      | Reached skill level 1 in Dodging
   518 | D:1      | Gained mutation: Your flesh is cold resistant. [demonic ancestry]
   518 | D:1      | Reached XP level 2. HP: 24/24 MP: 3/3
   537 | D:1      | Reached * piety under Lugonu
   993 | D:1      | Reached XP level 3. HP: 8/29 MP: 4/4
  1352 | D:2      | Noticed Robin
  1361 | D:2      | HP: 1/29 [poisoned by an adder]
  1361 | D:2      | Slain by a goblin

Skill      XL: |  1  2  3 |
---------------+----------+-----
Dodging        | 1 |  1.5
Armour         | 2 |  2.6
Axes           | 2 |  2.0
Fighting       | |  3.5
Invocations    | |  2.5

Action                   || total
-------------------------++-------
Melee: Hand axe          ||    86
Invok: Depart the Abyss  ||     1
  Use: Potion            ||     1
  Eat: Chunk             ||     2
Armor: Scale mail        ||    62
Dodge: Dodged            ||    40
Block: Buckler           ||    16
